Map: King's Cove LE

Players

Lambo - Winner!

  • Race: Zerg Zerg
  • League: Master
  • Spawn Location: 11:00

Ziggy

  • Race: Terran Terran
  • League: Master
  • Spawn Location: 5:00

VOD

Have the link to the VOD?

Description

Time

  • Played on: Jan. 24, 2019, 10:32 a.m.
  • Length: 13:47
Show
View Real Time Build Order
Export as new Build Order

Lambo Zerg - Winner!

Build Orders: Hatch First 

Get SALT Encoding   

  12  0:00  Drone  
  13  0:14  Overlord  
  13  0:18  Drone  
  14  0:32  Drone x2  
  16  0:49  Hatchery  
  15  0:53  Drone  
  15  0:56  Drone  
  17  1:00  Drone  
  18  1:11  Extractor  
  18  1:15  Spawning Pool  
  16  1:19  Drone  
  16  1:22  Drone  
  18  1:30  Drone  
  19  1:42  Drone  
  20  1:57  Overlord  
  20  2:04  Queen x2  
  20  2:05  Zergling x4  
  26  2:11  Metabolic Boost  
  26  2:17  Drone x2  
  28  2:38  Hatchery  
  28  2:42  Drone  
  28  2:45  Drone  
  28  2:47  Zergling x2  
  28  2:48  Zergling x4  
  31  2:53  Overlord  
  31  2:55  Zergling x2  
  32  3:04  Zergling x2  
  33  3:07  Zergling x2  
  33  3:15  Zergling x8  
  37  3:24  Zergling x8  
  40  3:33  Zergling x4  
  42  3:35  Overlord  
  42  3:44  Overlord  
  42  3:46  Overlord  
  42  3:52  Drone x2  
  44  3:58  Drone  
  44  4:00  Queen  
  44  4:02  Drone  
  48  4:05  Drone  
  48  4:08  Drone  
  50  4:12  Drone  
  51  4:17  Drone  
  51  4:20  Drone  
  51  4:23  Drone  
  53  4:26  Queen  
  53  4:28  Drone x2  
  53  4:29  Drone  
  58  4:33  Queen  
  58  4:36  Drone  
  61  4:39  Zergling x4  
  61  4:41  Zergling x2  
  64  4:48  Zergling x4  
  65  4:56  Zergling x6  
  65  4:57  Zergling x2  
  65  4:58  Drone  
  70  5:01  Drone  
  70  5:05  Queen  
  73  5:09  Overlord  
  73  5:10  Overlord  
  73  5:11  Overlord  
  73  5:14  Drone  
  73  5:15  Overlord  
  73  5:17  Evolution Chamber  
  73  5:19  Overlord  
  73  5:20  Overlord  
  73  5:21  Drone  
  74  5:30  Drone x6  
  77  5:37  Zergling x2  
  77  5:38  Zergling x4  
  77  5:40  Zergling x2  
  80  5:48  Zergling x8  
  84  5:50  Drone x3  
  84  5:56  Zergling x6  
  90  6:03  Zerg Ground Armor Level 1  
  90  6:04  Queen  
  90  6:07  Zergling x2  
  90  6:08  Zergling x4  
  97  6:19  Overlord  
  97  6:25  Zergling x20  
  94  6:32  Drone x3  
  93  6:38  Drone, Hatchery  
  93  6:39  Lair  
  90  6:50  Drone x2  
  90  6:52  Drone  
  93  6:55  Extractor  
  93  6:57  Drone, Hatchery, Extractor  
  93  6:59  Drone  
  93  7:00  Baneling Nest  
  91  7:03  Drone  
  91  7:05  Drone x2  
  94  7:11  Drone x2  
  96  7:21  Drone x2  
  98  7:28  Drone x4  
  102  7:30  Evolution Chamber  
  102  7:36  Extractor  
  100  7:38  Drone x2  
  102  7:48  Drone x2  
  102  7:51  Queen  
  104  7:52  Drone  
  104  7:53  Centrifical Hooks  
  104  7:55  Baneling x2  
  104  7:56  Baneling  
  104  7:57  Zerg Melee Weapons Level 1  
  107  8:03  Zergling x14  
  107  8:04  Queen  
  116  8:07  Queen  
  116  8:10  Zergling x4  
  119  8:13  Overlord  
  119  8:16  Drone  
  118  8:23  Drone x9  
  118  8:24  Overlord  
  127  8:27  Overlord  
  127  8:33  Zergling x10  
  128  8:39  Zerg Ground Armor Level 2  
  128  8:40  Drone  
  127  8:45  Extractor  
  127  8:46  Hydralisk Den  
  125  8:49  Hatchery  
  124  8:57  Drone x3  
  124  9:01  Drone x3  
  124  9:02  Extractor  
  129  9:04  Pneumatized Carapace  
  129  9:05  Overlord x2  
  129  9:06  Infestation Pit  
  129  9:07  Overlord x2  
  128  9:16  Baneling x7  
  128  9:17  Grooved Spines  
  128  9:21  Extractor  
  128  9:23  Drone x3  
  130  9:35  Drone x2  
  130  9:36  Drone x4, Hydralisk x7  
  130  9:37  Zergling x4  
  152  9:39  Baneling  
  152  9:47  Drone, Overlord, Extractor  
  152  9:48  Hydralisk x3  
  152  9:50  Baneling x2  
  158  9:59  Hydralisk  
  158  10:00  Hydralisk, Zergling x18  
  158  10:06  Hive  
  171  10:12  Zerg Melee Weapons Level 2  
  171  10:13  Spore Crawler x2  
  169  10:15  Drone x2, Spore Crawler  
  169  10:16  Drone, Zergling x16  
  169  10:17  Zergling x6  
  169  10:20  Overseer  
  179  10:38  Muscular Augments  
  179  10:45  Overlord  
  179  10:48  Overlord  
  179  10:51  Hatchery  
  178  10:59  Overlord  
  178  11:00  Overlord  
  178  11:07  Queen  
  180  11:17  Viper x3  
  189  11:18  Adrenal Glands  
  189  11:21  Ultralisk Cavern  
  189  11:22  Spire  
  189  11:23  Drone  
  189  11:24  Zergling x24  
  199  11:51  Overlord  
  198  12:04  Extractor x2  
  195  12:09  Chitinous Plating  
  194  12:27  Ultralisk  
  192  12:41  Ultralisk x2, Zergling x32  
  199  12:54  Zergling x12  
  199  12:55  Zergling x2  
  194  12:59  Zergling x2  
  194  13:00  Zergling x12  
  194  13:01  Baneling x34  
  194  13:04  Zergling x2  
  194  13:05  Zergling x6  
  200  13:07  Zergling x6  
  200  13:11  Zergling x14  
  199  13:14  Zergling x2  
  199  13:18  Zergling x2  
  199  13:24  Baneling x15  
  195  13:28  Zergling x12  
  198  13:43  Unknown  
Show
View Real Time Build Order
Export as new Build Order

Ziggy Terran 

Build Orders:  

Get SALT Encoding   

  12  0:00  SCV  
  13  0:12  SCV  
  14  0:18  Supply Depot  
  14  0:25  SCV  
  15  0:39  SCV  
  16  0:42  Barracks  
  16  0:44  Refinery  
  16  0:51  SCV  
  17  1:00  Barracks  
  17  1:04  SCV  
  18  1:17  SCV  
  19  1:30  Reaper, Orbital Command  
  20  1:37  Barracks  
  20  1:44  Refinery  
  20  1:47  Reaper  
  21  1:55  Supply Depot  
  21  1:59  SCV  
  22  2:04  Reaper  
  23  2:17  SCV  
  23  2:19  Reaper  
  25  2:27  Reaper  
  25  2:29  SCV  
  27  2:36  Reaper  
  28  2:51  Reaper  
  29  2:52  Command Center  
  29  2:59  Reaper  
  29  3:01  Supply Depot  
  29  3:03  SCV  
  31  3:23  Reaper x2  
  33  3:31  SCV, Reaper  
  35  3:44  Barracks x2  
  35  3:45  SCV  
  36  3:55  Reaper x2  
  38  3:59  SCV  
  38  4:03  Reaper  
  38  4:04  Orbital Command  
  38  4:06  Refinery  
  38  4:07  Refinery  
  39  4:12  SCV  
  39  4:24  SCV  
  39  4:27  Reaper x2  
  43  4:31  SCV  
  43  4:34  Reaper  
  43  4:35  Reaper  
  43  4:36  SCV  
  43  4:37  Reaper  
  47  4:43  SCV  
  47  4:44  Supply Depot  
  48  4:52  SCV  
  49  4:55  Engineering Bay  
  49  4:59  Reaper x2  
  51  5:01  SCV  
  51  5:04  SCV  
  51  5:07  Reaper  
  54  5:12  Reaper  
  54  5:13  SCV  
  56  5:16  Reaper  
  56  5:17  SCV, Supply Depot  
  57  5:30  SCV  
  57  5:31  Reaper x2  
  60  5:38  SCV, Terran Infantry Weapons Level 1  
  60  5:39  Reaper  
  62  5:43  SCV  
  62  5:44  Barracks x2, Reaper  
  62  5:48  Reaper  
  65  5:50  SCV  
  66  5:57  SCV  
  66  6:01  Supply Depot  
  66  6:02  SCV  
  66  6:03  Reaper x2  
  70  6:21  Reaper  
  70  6:25  Reaper  
  66  6:31  Reaper  
  57  6:32  Reaper  
  57  6:33  SCV x2, Reaper  
  57  6:36  Reaper  
  57  6:37  Command Center  
  57  6:38  Reaper  
  56  6:45  SCV  
  57  6:51  SCV, Factory  
  57  6:52  Factory  
  57  6:53  Reaper  
  59  6:57  Reaper  
  59  6:59  SCV  
  61  7:03  SCV, Reaper  
  61  7:05  Barracks Tech Lab  
  61  7:07  Barracks Tech Lab  
  63  7:09  Supply Depot  
  63  7:11  SCV, Engineering Bay  
  63  7:12  Barracks Reactor x2  
  64  7:15  SCV  
  65  7:23  SCV  
  65  7:24  Stimpack, Marine  
  65  7:25  Combat Shield, Marine  
  65  7:28  SCV, Barracks Tech Lab  
  65  7:29  Barracks Reactor  
  69  7:34  Terran Infantry Armor Level 1  
  69  7:35  SCV  
  69  7:36  Barracks Tech Lab  
  70  7:38  Factory Tech Lab  
  70  7:40  SCV  
  70  7:42  Factory Tech Lab  
  70  7:44  Marine x2  
  73  7:52  Orbital Command  
  73  7:54  Marine x3  
  73  7:55  Marauder, Marine x2  
  80  8:02  Starport  
  80  8:09  Marine x2  
  80  8:10  Marauder  
  83  8:14  Siege Tank  
  83  8:19  Siege Tank  
  89  8:24  Marine x2  
  89  8:25  Marauder  
  92  8:27  Marine x2  
  92  8:28  Marauder  
  89  8:35  Marine x2  
  89  8:36  Marauder  
  89  8:40  Starport Reactor  
  86  8:43  SCV  
  86  8:44  SCV, Missile Turret  
  86  8:45  Armory, Missile Turret  
  86  8:46  Orbital Command  
  86  8:47  Marine x2  
  90  8:52  Marine  
  91  8:55  SCV  
  91  8:56  SCV  
  93  9:03  Missile Turret  
  93  9:06  Supply Depot  
  93  9:08  SCV x2, Supply Depot  
  95  9:13  SCV  
  95  9:14  Siege Tank  
  99  9:17  Medivac  
  101  9:27  SCV, Siege Tank, Medivac, Marine  
  101  9:28  Marine  
  101  9:29  Marine  
  110  9:32  Supply Depot  
  110  9:34  Terran Infantry Weapons Level 2  
  110  9:35  Marine x2  
  110  9:36  Marine x2  
  114  9:41  Refinery  
  114  9:43  Refinery  
  114  9:44  Missile Turret, Marine  
  114  9:45  Marauder  
  117  9:48  Missile Turret  
  117  9:53  Supply Depot  
  117  9:58  Medivac x2  
  117  9:59  Supply Depot  
  121  10:01  Marauder, Supply Depot, Marine x2  
  125  10:14  Marauder, Siege Tank, Marine x3  
  125  10:21  Siege Tank, Marine x4  
  140  10:23  Marauder  
  140  10:26  Supply Depot  
  140  10:27  Supply Depot, Marine  
  143  10:31  Terran Infantry Armor Level 2  
  143  10:32  Marine x2  
  145  10:36  Marauder  
  145  10:37  Marine  
  145  10:38  Marine  
  145  10:41  Supply Depot  
  145  10:42  Marine  
  150  10:51  Medivac x2  
  150  10:53  Marine x3  
  150  10:54  Marauder x2, Marine  
  160  10:59  Siege Tank  
  163  11:04  Marine  
  163  11:05  Marauder, Marine x2  
  168  11:12  Marauder  
  168  11:17  Concussive Shells  
  170  11:23  Siege Tank  
  173  11:29  Medivac x2  
  173  11:31  Siege Tank  
  179  11:37  Marauder, Marine x2  
  181  11:47  Supply Depot  
  181  11:48  Supply Depot, Marine x3  
  181  11:49  Marauder  
  186  11:55  Siege Tank  
  186  11:59  Command Center  
  189  12:14  Siege Tank  
  192  12:28  Siege Tank  
  181  12:41  Marine x2  
  181  12:42  Marauder  
  176  12:45  Marine x3  
  176  12:46  Marauder  
  181  12:52  Siege Tank  
  181  12:55  Marauder, Marine x2  
  181  12:59  Marine x2  
  181  13:00  Siege Tank  
  181  13:03  Marine x4  
  177  13:07  Marauder  
  177  13:11  SCV x3  
  175  13:12  Marine  
  175  13:13  Marauder  
  175  13:16  Marine  
  175  13:17  Marine x2  
  168  13:21  Marine x4  
  168  13:23  SCV x2  
  172  13:30  SCV  
Tags
 
Add a new tag
Caveats
  • Supply blocks, unpowered buildings, or Contaminate may cause inaccurate times.
  • Supply counts are checked every 10 seconds.